 Dungeon Crawl Stone Soup version 0.25-a0-265-g7af84ae0ac (webtiles) character file.

Game seed: 790895582806977719, levelgen mode: deterministic

84 floatRand the Chopper (level 4, -1/34 HPs)
             Began as a Demonspawn Gladiator on Dec 8, 2019.
             Slain by an orc wizard
             ... wielding a +0 dagger
              (2 damage)
             ... on level 3 of the Dungeon.
             The game lasted 00:02:20 (1761 turns).

floatRand the Chopper (Demonspawn Gladiator)        Turns: 1761, Time: 00:02:20

Health: -1/34      AC:  4    Str: 14    XL:     4   Next: 23%
Magic:  4/4        EV: 13    Int: 10    God:
Gold:   117        SH:  0    Dex: 15    Spells: 3/3 levels left

rFire    . . .     SeeInvis .   a - +0 war axe
rCold    . . .     Gourm    .   (no shield)
rNeg     . . .     Faith    .   b - +1 leather armour
rPois    +         Spirit   .   (helmet restricted)
rElec    .         Reflect  .   (no cloak)
rCorr    .         Harm     .   (no gloves)
MR       .....                  (no boots)
Stlth    +.........             (no amulet)
HPRegen  0.11/turn              j - ring of poison resistance
MPRegen  0.09/turn              s - ring of flight

@: no status effects
A: antennae 2
a: Evoke Flight


You were on level 3 of the Dungeon.
You were not hungry.

You visited 1 branch of the dungeon, and saw 3 of its levels.

You collected 117 gold pieces.

Inventory:

Hand Weapons
 a - a +0 war axe (weapon)
Missiles
 d - 3 throwing nets (quivered)
Armour
 b - a +1 leather armour (worn)
 c - a +0 helmet
Jewellery
 j - a ring of poison resistance (left hand)
 s - a ring of flight (right hand)
Scrolls
 e - 4 scrolls of remove curse
 h - a scroll of identify
 i - a scroll of blinking
 k - a scroll of magic mapping
 p - a scroll of teleportation
 r - a scroll of enchant armour
Potions
 l - a potion of curing
 n - a potion of haste {unknown}
 o - 2 potions of mutation {unknown}
 q - a potion of degeneration {unknown}
 t - a potion of berserk rage {unknown}
Comestibles
 f - 3 rations


   Skills:
 + Level 2.5 Fighting
 + Level 3.6 Axes
 + Level 2.1 Throwing
 + Level 1.0 Armour
 + Level 3.1 Dodging
 + Level 0.2 Stealth


You had 3 spell levels left.
You didn't know any spells.
Your spell library was empty.

Dungeon Overview and Level Annotations

Branches:
Dungeon (3/15)

Altars:

Annotations:
D:3 1 runed translucent door


Innate Abilities, Weirdness & Mutations

You have a pair of antennae on your head.


Message History

You miss something. Something hits you. Something hits you but does no damage.
Unknown command.
You miss something. Something hits you. x2
* * * LOW HITPOINT WARNING * * *
Unknown command.
You miss something. Something hits you but does no damage. Something hits you.
* * * LOW HITPOINT WARNING * * *
Unknown command.
You miss something. Something hits you.
* * * LOW HITPOINT WARNING * * *
Something hits you but does no damage.
Unknown command.
It was a potion of cancellation.
You feel magically purged.
You hear some strange, mumbled words.
A magic dart appears from out of thin air!
The magic dart hits you!
* * * LOW HITPOINT WARNING * * *
Unknown command.
You closely miss something. Something hits you.
You die...

## # ##. .#
## #.. ..
.o#.. .# ...
.. ##.####.#
#..<)@{o#
.......####.#
#####.# ..
#.. .# ≈+. #
...#. ####


You could see an orc.

Vanquished Creatures
  A hound skeleton (D:2)
  2 adders (D:2)
  A worm (D:2)
  2 dart slugs
  2 orcs (D:3)
  5 bats
  6 giant cockroaches
  6 goblins
  9 hobgoblins
  A kobold (D:1)
  2 ball pythons (D:2)
  4 rats
41 creatures vanquished.

Notes
Turn   | Place    | Note
-------+----------+-------------------------------------------
     0 | D:1      | floatRand the Demonspawn Gladiator began the quest for the
                  | Orb.
     0 | D:1      | Reached XP level 1. HP: 16/16 MP: 1/1
   222 | D:1      | Gained mutation: You have a pair of small antennae on your
                  | head. [demonic ancestry]
   222 | D:1      | Reached XP level 2. HP: 21/22 MP: 2/2
  1108 | D:2      | Reached XP level 3. HP: 23/28 MP: 3/3
  1270 | D:2      | Reached skill level 1 in Armour
  1545 | D:2      | Gained mutation: You have a pair of antennae on your head.
                  | [demonic ancestry]
  1545 | D:2      | Reached XP level 4. HP: 34/34 MP: 4/4
  1740 | D:3      | Found a runed translucent door.
  1760 | D:3      | HP: 1/34 [something/magic dart (7)]
  1761 | D:3      | Slain by an orc wizard

Levels and vault maps discovered:
D:1:      minmay_arrival_three_doors, layout_basic, minmay_worlds_worst_comb
D:2:      layout_rooms
D:3:      minmay_goblin_kobold_castle, layout_loops_ring,
          lightli_sewer_entry_pipes, ebering_ghost_reflecting_pool,
          st_stairs_12, cheibrodos_ashenzari_chains

Skill      XL: |  1  2  3 |
---------------+----------+-----
Throwing       | 2 |  2.1
Axes           | 3 |  3.6
Dodging        | 3 |  3.1
Armour         | 1 |  1.0
Fighting       | |  2.5
Stealth        | |  0.2

Action                   |  1- 3 |  4- 6 || total
-------------------------+-------+-------++-------
Melee: War axe           |   112 |    26 ||   138
  Use: Scroll            |       |     7 ||     7
       Potion            |       |     1 ||     1
  Eat: Chunk             |     2 |     1 ||     3
Armor: Leather armour    |    37 |     8 ||    45
Dodge: Dodged            |   108 |    20 ||   128

Table legend:
 A = Non-vault XP
 B = Vault XP
 C = Vault XP percentage of total XP
 D = Non-vault monster count
 E = Vault monster count
 F = Vault count percentage of total count
                 A         B        C        D         E       F
            +---------+---------+-------+---------+---------+-------
      Total |     112 |       8 |   6.7 |      37 |       4 |   9.8
            +---------+---------+-------+---------+---------+-------
        D:1 |      32 |       8 |  20.0 |      17 |       4 |  19.0
        D:2 |      72 |       0 |   0.0 |      17 |       0 |   0.0
        D:3 |       8 |       0 |   0.0 |       3 |       0 |   0.0
            +---------+---------+-------+---------+---------+-------
